AoeStats
← LM | TornardoBriese

MegaRandom

505108546Analyzed
4v4 RM · 24d ago on Sep 7, 2026· 56m 6s· 8 players
Game mode
Random Map
Map size
Large (8 player)
Population
200
Speed
Normal
Resources
Standard
Victory
Conquest
Starting age
Dark Age
Ending age
Imperial Age
RankedLock teamsTeams togetherTeam positionsShared explorationLock speedFull tech treeHidden civsTurbo modeCheats
Victory
Defeat
🇲🇽 Persians · Mexico
1739
+16
🇧🇴 Vikings · Bolivia
1723
+16
🇺🇸 Teutons · United States
1713
+17
🇩🇪 Turks · Germany
1707
+17
🇩🇪 Portuguese · Germany
1863
-21
🇩🇪 Romans · Germany
1844
-21
🇩🇪 Muisca · Germany
1741
-17
🇨🇭 Celts · Switzerland
1482
-7
[SotC] Spirit
2:57 Loom
11:32 Feudal Age
12:59 Double-Bit Axe
16:02 Castle Age
14:34 Horse Collar
16:56 Bow Saw
16:48 Heavy Plow
17:54 Wheelbarrow
27:43 Imperial Age
25:53 Fervor
26:39 Scale Barding Armor
27:24 Bloodlines
27:28 Husbandry
28:39 Chain Barding Armor
27:41 Cavalier
30:33 Stone Mining
30:34 Gold Mining
31:37 Plate Barding Armor
31:26 Forging
32:36 Chemistry
32:04 Hand Cart
33:51 Iron Casting
33:17 Padded Archer Armor
33:27 Fletching
34:16 Masonry
34:34 Guilds
34:55 Coinage
34:06 Light Cavalry
35:14 Capped Ram
36:00 Bodkin Arrow
37:06 Blast Furnace
36:23 Leather Archer Armor
35:50 Hussar
36:23 Savar
36:49 Town Watch
38:05 Two-Man Saw
38:07 Ring Archer Armor
40:26 Banking
45:27 Ballistics
45:37 Architecture
44:58 Heated Shot
48:01 Conscription
47:56 Citadels
48:17 Caravan
Freidle
9:34 Feudal Age
7:54 Loom
14:27 Castle Age
13:18 Double-Bit Axe
17:46 Scale Barding Armor
25:41 Wheelbarrow
36:20 Bow Saw
36:48 Horse Collar
38:20 Hand Cart
38:56 Hand Cart
42:32 Town Watch
43:21 Heavy Plow
43:28 Gold Mining
44:24 Caravan
50:23 Imperial Age
47:57 Guard Tower
48:28 Ballistics
48:46 Fletching
49:13 Masonry
49:25 Bodkin Arrow
49:51 Chain Barding Armor
51:08 Padded Archer Armor
51:45 Keep
52:11 Chemistry
50:57 Arrowslits
52:15 Chemistry
51:54 Cavalier
52:45 Bloodlines
54:23 Scale Mail Armor
54:34 Forging
54:06 Man-at-Arms
54:32 Gambesons
55:06 Squires
55:40 Crop Rotation
55:28 Chain Mail Armor
55:27 Siege Engineers
55:05 Long Swordsman
57:11 Two-Man Saw
56:26 Fortified Wall
Pummeluff
2:39 Loom
9:50 Feudal Age
14:49 Castle Age
12:55 Horse Collar
14:04 Scale Barding Armor
15:06 Bloodlines
15:34 Forging
16:04 Chain Barding Armor
16:39 Husbandry
23:37 Horse Collar
24:09 Double-Bit Axe
26:48 Wheelbarrow
26:44 Heavy Plow
28:15 Bow Saw
33:34 Imperial Age
31:45 Gold Mining
32:48 Fletching
34:16 Padded Archer Armor
35:31 Leather Archer Armor
38:50 Ring Archer Armor
40:31 Hand Cart
40:02 Town Watch
41:00 Gold Shaft Mining
41:01 Stone Mining
43:08 Town Patrol
45:49 Conscription
46:00 Guilds
46:14 Thumb Ring
48:39 Two-Man Saw
49:37 Artillery
51:21 Iron Casting
52:13 Ballistics
52:55 Bodkin Arrow
53:31 Masonry
54:17 Bracer
54:39 Bombard Tower
54:52 Architecture
到
2:16 Loom
9:52 Feudal Age
14:00 Castle Age
12:53 Double-Bit Axe
13:38 Man-at-Arms
16:04 Horse Collar
18:55 Town Watch
29:11 Bow Saw
36:50 Caravan
38:03 Gold Mining
40:34 Stone Mining
41:20 Gold Shaft Mining
43:51 Imperial Age
43:20 Scale Mail Armor
43:31 Forging
43:47 Fortified Wall
43:48 Masonry
44:42 Chain Mail Armor
44:46 Squires
46:01 Plate Mail Armor
46:33 Elite Berserk
47:50 Iron Casting
47:35 Heavy Plow
50:37 Conscription
50:19 Bogsveigar
50:22 Chieftains
51:25 Siege Engineers
52:48 Two-Man Saw
52:20 Crop Rotation
52:13 Arson
53:29 Blast Furnace
52:37 Capped Ram
53:26 Fletching
54:12 Hoardings
54:09 Architecture
54:00 Ballistics
54:40 Chemistry
53:36 Murder Holes
55:27 Coinage
LM | TornardoBriese
7:00 Loom
11:56 Feudal Age
15:43 Castle Age
13:28 Man-at-Arms
14:48 Scale Mail Armor
15:32 Double-Bit Axe
16:26 Gambesons
29:18 Pikeman
36:41 Horse Collar
38:56 Heavy Plow
39:33 Wheelbarrow
40:06 Bow Saw
42:34 Wheelbarrow
48:59 Imperial Age
48:02 Chain Mail Armor
47:57 Forging
50:07 Iron Casting
51:20 Plate Mail Armor
55:04 Blast Furnace
54:44 Capped Ram
56:03 Hand Cart
NOC | Mr.Dobbsn
9:33 Feudal Age
9:50 Loom
13:30 Castle Age
27:40 Double-Bit Axe
29:05 Horse Collar
29:26 Town Watch
31:37 Bow Saw
37:14 Caravan
40:11 Wheelbarrow
42:40 Imperial Age
40:56 Heavy Plow
41:45 Hand Cart
42:25 Fletching
43:19 Bodkin Arrow
44:28 Coinage
46:02 Banking
45:42 Guilds
53:43 Pikeman
55:15 Halberdier
NOC | shiXo.#
8:29 Loom
10:32 Feudal Age
14:16 Castle Age
13:02 Double-Bit Axe
12:58 Horse Collar
15:09 Bow Saw
15:21 Town Watch
20:11 Fletching
22:37 Scale Mail Armor
24:40 Wheelbarrow
25:23 Gold Mining
26:15 Hand Cart
29:30 Imperial Age
27:16 Fortified Wall
27:01 Pikeman
27:41 Squires
28:49 Chain Mail Armor
28:44 Forging
27:56 Man-at-Arms
29:00 Long Swordsman
31:17 Iron Casting
30:11 Halberdier
32:51 Blast Furnace
32:50 Heavy Plow
33:27 Gold Shaft Mining
33:25 Conscription
33:11 Scale Barding Armor
32:59 Legionary
34:26 Chain Barding Armor
35:36 Plate Barding Armor
35:13 Caravan
36:20 Bloodlines
36:10 Husbandry
37:31 Comitatenses
37:20 Elite Centurion
40:57 Bodkin Arrow
44:48 Light Cavalry
LM \ Molle
2:35 Loom
12:51 Feudal Age
11:07 Loom
12:59 Champi Runner
16:48 Castle Age
15:25 Scale Mail Armor
16:34 Forging
16:15 Double-Bit Axe
16:12 Horse Collar
16:53 Champi Warrior
22:17 Chain Mail Armor
23:40 Town Watch
24:57 Bow Saw
28:58 Squires
30:20 Wheelbarrow
29:47 Heavy Plow
34:39 Imperial Age
31:56 Pikeman
34:43 Forging
34:49 Elite Champi Warrior
36:04 Plate Mail Armor
37:36 Iron Casting
37:17 Capped Ram
38:41 Coinage
38:40 Treadmill Crane
39:52 Hand Cart
39:01 Onager
40:14 Fletching
41:56 Banking
41:50 Heavy Scorpion
43:05 Conscription
44:09 Herbalism
44:34 Masonry
44:51 Gold Mining
44:52 Stone Mining
47:09 Ballistics
47:50 Chemistry
48:38 Hoardings
47:27 Elite Temple Guard
49:11 Bodkin Arrow
49:23 Siege Engineers
50:58 Bracer
Connection lost

Rejoining the realm…

Still unreachable

The connection could not be restored.

Session expired

The server has moved on; the page needs a fresh start.